 Dungeon Crawl Stone Soup version 0.24.1-8-ga250c9d538 (webtiles) character file.

Game seed: 3814333173345781484, levelgen mode: deterministic

154 Peloso the Covered (level 5, -3/41 HPs)
             Began as a Demonspawn Fighter on May 8, 2020.
             Slain by a scorpion (4 damage)
             ... on level 4 of the Dungeon.
             The game lasted 00:02:26 (1676 turns).

Peloso the Covered (Demonspawn Fighter)             Turns: 1676, Time: 00:02:28

Health: -3/41      AC:  6    Str: 18    XL:     5   Next: 13%
Magic:  5/5        EV:  7    Int:  9    God:
Gold:   96         SH:  9    Dex: 12    Spells: 4/4 levels left

rFire    . . .     SeeInvis .   a - +0 long sword
rCold    . . .     Gourm    .   c - +0 shield
rNeg     . . .     Faith    .   b - +0 scale mail
rPois    .         Spirit   .   (no helmet)
rElec    .         Reflect  .   (no cloak)
rCorr    .         Harm     .   (no gloves)
MR       .....                  (no boots)
Stlth    ..........             (no amulet)
HPRegen  0.13/turn              (no ring)
MPRegen  0.09/turn              (no ring)

@: lethally poisoned (-3 -> -8)
A: talons 2, spiny 1
a: no special abilities


You were on level 4 of the Dungeon.
You were hungry.

You visited 1 branch of the dungeon, and saw 4 of its levels.

You collected 96 gold pieces.

Inventory:

Hand Weapons
 a - a +0 long sword (weapon)
Armour
 b - a +0 scale mail (worn)
 c - a +0 shield (worn)
Scrolls
 e - 3 scrolls of identify {unknown}
 g - 2 scrolls of remove curse {unknown}
 h - a scroll of blinking {unknown}
 i - a scroll of immolation {unknown}
 j - 2 scrolls of teleportation {unknown}
Potions
 d - a potion of might
 k - a potion of lignification {unknown}
 l - a potion of invisibility {unknown}
 m - a potion of heal wounds {unknown}
 n - a potion of curing {unknown}
Comestibles
 f - 7 rations


   Skills:
 + Level 3.5 Fighting
 + Level 2.5 Long Blades
 + Level 3.6 Armour
 + Level 1.1 Dodging
 + Level 3.6 Shields


You had 4 spell levels left.
You didn't know any spells.
Your spell library was empty.

Dungeon Overview and Level Annotations

Branches:
Dungeon (4/15)
 Temple: D:4-7

Altars:
Cheibriados


Innate Abilities, Weirdness & Mutations

You have razor-sharp toenails.
You are partially covered in sharp spines.


Message History

You block the scorpion's attack.
The scorpion stings you but does no damage.
The scorpion stings you but does no damage.
The scorpion is struck by your spines. The scorpion stings you.
You block the scorpion's attack. You block the scorpion's attack.
The scorpion stings you.
* * * LOW HITPOINT WARNING * * *
The scorpion completely misses you. The scorpion stings you.
* * * LOW HITPOINT WARNING * * *
You are poisoned.
The scorpion poisons you!
You feel sick.
The scorpion stings you but does no damage.
You feel sick. You block the scorpion's attack.
You feel sick. The scorpion stings you!
* * * LOW HITPOINT WARNING * * *
The scorpion stings you.
You die...

#.#. .#. ##
... .#
..#.#
##..%##
#.....#####
#..s...<...
#..@..#
##...##
#####


You could see a scorpion.

Vanquished Creatures
  2 worker ants
  2 adders (D:3)
  4 gnolls (D:3)
  4 worms
  2 leopard geckos
  An orc (D:3)
  5 bats (D:3)
  2 giant cockroaches
  7 goblins
  3 hobgoblins
  3 frilled lizards
  4 kobolds
  4 rats
43 creatures vanquished.

Notes
Turn   | Place    | Note
-------+----------+-------------------------------------------
     0 | D:1      | Peloso the Demonspawn Fighter began the quest for the Orb.
     0 | D:1      | Reached XP level 1. HP: 18/18 MP: 1/1
    10 | D:1      | You fall into a shaft and drop 1 floor!
    18 | D:2      | Found a snail-covered altar of Cheibriados.
   136 | D:2      | Gained mutation: You have sharp toenails. [demonic
                  | ancestry]
   136 | D:2      | Reached XP level 2. HP: 11/24 MP: 2/2
   241 | D:2      | Found a faded altar of an unknown god.
   545 | D:2      | Reached XP level 3. HP: 29/29 MP: 3/3
  1160 | D:3      | Gained mutation: You are partially covered in sharp spines.
                  | [demonic ancestry]
  1160 | D:3      | Reached XP level 4. HP: 19/35 MP: 4/4
  1609 | D:3      | Gained mutation: You have razor-sharp toenails. [demonic
                  | ancestry]
  1609 | D:3      | Reached XP level 5. HP: 18/41 MP: 5/5
  1613 | D:3      | Reached skill level 1 in Dodging
  1675 | D:4      | HP: 1/41 [scorpion (7)]
  1676 | D:4      | Slain by a scorpion

Levels and vault maps discovered:
D:1:      erik_arrival_blinker_ship, layout_rooms, kennysheep_another_room,
          minmay_misc_feat_iff
D:2:      layout_loops_ring, chequers_ecumenical_altar_simple_redux,
          first_ration, lemuel_altar_in_water
D:3:      kennysheep_big_flooded_room, layout_basic, minmay_misc_feat_alley
D:4:      layout_loops_cross, hangedman_decor_lopped,
          corexii_item_surrounded_by_moat, uniq_natasha, uniq_robin

Skill      XL: |  1  2  3  4  5 |
---------------+----------------+-----
Shields        | 3 |  3.6
Long Blades    | 2 |  2.5
Armour         | 3 |  3.6
Dodging        | 1 |  1.1
Fighting       | |  3.5

Action                   |  1- 3 |  4- 6 || total
-------------------------+-------+-------++-------
Melee: Long sword        |    88 |    34 ||   122
       Kick              |    13 |     9 ||    22
  Eat: Chunk             |       |     2 ||     2
Armor: Scale mail        |    39 |    16 ||    55
Dodge: Dodged            |    27 |    12 ||    39
Block: Shield            |    47 |    29 ||    76
       Rpst.: Long sword |    11 |     2 ||    13
